 Dungeon Crawl Stone Soup version 0.17-a0-913-g36eb389 (webtiles) character file.

4744 lesbian the Thaumaturge (level 10, -5/50 HPs)
             Began as a Deep Elf Fire Elementalist on May 2, 2015.
             Was a Priest of Sif Muna.
             Engulfed by a cloud of flame (12 damage)
             ... on level 9 of the Dungeon on May 3, 2015.
             The game lasted 00:49:38 (10877 turns).

lesbian the Thaumaturge (DEFE)                     Turns: 10877, Time: 00:49:38

Health: -5/50      AC:  4    Str:  5    XL:     10   Next: 22%
Magic:  27/27      EV: 13    Int: 27    God:    Sif Muna [***...]
Gold:   470        SH:  0    Dex: 17    Spells: 5 memorised, 14 levels left

rFire  . . .     SeeInvis .     p - +0 rapier (chaos)
rCold  . . .     Clarity  .     a - +0 robe
rNeg   . . .     SustAb   .     (no shield)
rPois  +         Gourm    .     (no helmet)
rElec  .         Spirit   .     h - +1 cloak
rCorr  .         Warding  .     (no gloves)
rMut   .         Stasis   .     (no boots)
MR     +....                    (no amulet)
Stlth  ++........               A - +5 ring of intelligence
                                l - ring of poison resistance

@: somewhat resistant to hostile enchantments, unstealthy
A: no striking features
a: Channel Energy, Forget Spell, Renounce Religion


You were on level 9 of the Dungeon.
You worshipped Sif Muna.
Sif Muna was most pleased with you.
You were not hungry.

You visited 2 branches of the dungeon, and saw 10 of its levels.

You collected 470 gold pieces.

Inventory:

Hand weapons
 p - a +0 rapier of chaos (weapon)
Armour
 a - a +0 robe (worn)
 h - a +1 cloak (worn)
Jewellery
 i - an uncursed ring of fire {unknown}
 l - a ring of poison resistance (left hand)
 A - a +5 ring of intelligence (right hand)
Magical devices
 j - a wand of digging (13)
 G - a wand of digging (11)
Scrolls
 e - 4 scrolls of blinking
 f - 3 scrolls of enchant armour
 n - a scroll of magic mapping
 q - a scroll of fear
 s - 5 scrolls of recharging
 y - 7 scrolls of identify
 F - a scroll of teleportation
Potions
 d - a potion of invisibility
 o - a potion of magic
 r - 2 potions of resistance
 v - 2 potions of haste
 B - a potion of cancellation {unknown}
 H - a potion of lignification {unknown}
 I - a potion of agility {unknown}
Books
 b - a book of Flames

   Spells                             Type                      Level
   a - Flame Tongue                   Conjuration/Fire             1
   b - Throw Flame                    Conjuration/Fire             2
   c - Conjure Flame                  Conjuration/Fire             3
   d - Inner Flame                    Hexes/Fire                   3
   e - Sticky Flame                   Conjuration/Fire             4
   f - Fireball                       Conjuration/Fire             5
 D - a book of the Earth

   Spells                             Type                      Level
   a - Leda's Liquefaction            Hexes/Earth                  4
   b - Bolt of Magma                  Conjuration/Fire/Earth       5
   c - Statue Form                    Transmutation/Earth          6
   d - Iron Shot                      Conjuration/Earth            6
   e - Shatter                        Earth                        9
Comestibles
 c - 5 bread rations
 g - 6 fruits
 m - a slice of pizza
 t - 8 beef jerkies
 z - 3 meat rations


   Skills:
 - Level 2.4 Dodging
 - Level 2.4 Stealth
 + Level 11.4 Spellcasting
 + Level 9.0 Conjurations
 + Level 9.9 Fire Magic
 * Level 3.7 Earth Magic


You had 14 spell levels left.
You knew the following spells:

 Your Spells              Type           Power        Failure   Level  Hunger
a - Flame Tongue          Conj/Fire      #####        1%          1    None
b - Throw Flame           Conj/Fire      ######       1%          2    None
c - Fireball              Conj/Fire      ######....   2%          5    ###....
d - Sticky Flame          Conj/Fire      ######..     1%          4    None
e - Bolt of Magma         Conj/Fire/Erth ######....   6%          5    ###....


Dungeon Overview and Level Annotations

Branches:
Dungeon (9/15)             Temple (1/1) D:7
   Lair: D:8-11         Orc: D:9-12

Altars:
Ashenzari
Cheibriados
Dithmenos
Elyvilon
Fedhas
Gozag
Kikubaaqudgha
Makhleb
Nemelex Xobeh
Okawaru
Qazlal
Ru
Sif Muna
Trog
Xom
Yredelemnul
Zin

Annotations:
D:9 Gastronok, Joseph


Message History

a giant club; a hill giant corpse
Found a long sword.
Found a long sword.
Things that are here:
a shortbow; 10 arrows
Found two long swords.
You see here a long sword.
Found two long swords.
A shadow imp comes into view.
Found a scroll of remove curse.
Found a book of Dreams.
Really walk into a travel-excluded area?
Really walk into that cloud of flame?
You are engulfed in roaring flames.
Ouch! That really hurt!
You are engulfed in roaring flames.
* * * LOW HITPOINT WARNING * * *
You see here a book of Dreams.
You start resting.
You are engulfed in roaring flames.
You die...

.................#....#..##...#
.................)##.##..###..#
............###)...##.##.# #...
...>.......##..... .#.##.. ..
...........#..§##...)###..#
...........#..§§##.........
.....)....#).#§§§#.).# ###..
.............##§§§.# ..
.......##.)...##@..#
......###.#.......## ###..##
#.##...)### .... ##.##)##..
##... #..## ..# ##.. #.. ..#
#.. .... .## .... ?5 ##. ..


There were no monsters in sight!

Vanquished Creatures
  A hill giant (D:9)
  Eustachio (D:5)
  A hippogriff (D:8)
  An ice beast (D:8)
  2 orc warriors
  2 phantoms (D:7)
  5 ogres
  2 sky beasts
  2 centaurs
  A necrophage (D:5)
  9 big kobolds
  4 giant frogs
  8 killer bees (D:8)
  2 scorpions
  5 wights (D:8)
  A crimson imp (D:5)
  A giant frog zombie (D:7)
  4 hounds
  2 iguanas
  A gnoll shaman (D:9)
  2 jellies
  Crazy Yiuf (D:5)
  An orc priest (D:8)
  3 worker ants
  A quasit (D:7)
  6 orc wizards
  A hound zombie (D:8)
  2 human simulacra (D:9)
  2 hound skeletons (D:7)
  A worker ant zombie (D:5)
  6 adders
  16 gnolls
  An ooze (D:3)
  An adder skeleton (D:5)
  An adder zombie (D:5)
  2 worms
  6 giant geckos
  9 orcs
  13 bats
  3 bat skeletons
  2 bat zombies
  6 giant cockroaches
  11 hobgoblins
  7 jackals
  8 giant newts
  A giant spore (D:8)
  22 goblins
  58 kobolds
  5 quokkas
  A quokka skeleton (D:5)
  14 rats
  A ballistomycete (D:8)
269 creatures vanquished.

Notes
Turn   | Place    | Note
--------------------------------------------------------------
     0 | D:1      | lesbian, the Deep Elf Fire Elementalist, began the quest for the Orb.
     0 | D:1      | Reached XP level 1. HP: 10/10 MP: 6/6
   186 | D:1      | Reached XP level 2. HP: 13/15 MP: 5/8
   214 | D:1      | Learned a level 2 spell: Throw Flame
   267 | D:1      | Reached skill level 4 in Fire Magic
  1085 | D:2      | Reached XP level 3. HP: 19/19 MP: 3/10
  2047 | D:2      | You fall through a shaft!
  2175 | D:3      | Reached XP level 4. HP: 24/24 MP: 6/12
  2565 | D:3      | Found a sacrificial altar of Ru.
  2573 | D:3      | Reached XP level 5. HP: 28/28 MP: 4/14
  3291 | D:4      | Reached skill level 5 in Spellcasting
  3291 | D:4      | Reached skill level 5 in Fire Magic
  3458 | D:4      | Found a shattered altar of Ashenzari.
  3616 | D:4      | Learned a level 5 spell: Fireball
  3817 | D:4      | Reached XP level 6. HP: 32/32 MP: 2/16
  4207 | D:4      | Reached skill level 6 in Spellcasting
  4694 | D:4      | Reached XP level 7. HP: 36/36 MP: 13/18
  4944 | D:4      | Reached skill level 7 in Spellcasting
  4944 | D:4      | Reached skill level 5 in Conjurations
  5366 | D:5      | Entered Level 5 of the Dungeon
  5372 | D:5      | Learned a level 4 spell: Sticky Flame
  5868 | D:5      | Reached XP level 8. HP: 41/41 MP: 14/21
  6148 | D:5      | Noticed Crazy Yiuf
  6155 | D:5      | Killed Crazy Yiuf
  6155 | D:5      | Reached skill level 8 in Spellcasting
  6309 | D:5      | Noticed Eustachio
  6315 | D:5      | Killed Eustachio
  6374 | D:5      | Found a blossoming altar of Fedhas.
  6685 | D:5      | Found a sacrificial altar of Ru.
  6685 | D:5      | Found an opulent altar of Gozag.
  6713 | D:5      | Found a sparkling altar of Nemelex Xobeh.
  7145 | D:5      | Reached skill level 9 in Spellcasting
  7503 | D:7      | Found a staircase to the Ecumenical Temple.
  7509 | Temple   | Entered the Ecumenical Temple
  7590 | Temple   | Became a worshipper of Sif Muna the Loreminder
  8020 | D:7      | Reached XP level 9. HP: 43/45 MP: 9/24
  8214 | D:7      | Acquired Sif Muna's first power
  8285 | D:7      | Reached skill level 10 in Spellcasting
  8421 | D:7      | Learned a level 5 spell: Bolt of Magma
  8583 | D:7      | Found a bloodstained altar of Trog.
  8906 | D:8      | Reached skill level 1 in Earth Magic
  8960 | D:8      | Acquired Sif Muna's second power
  9436 | D:8      | Reached skill level 11 in Spellcasting
 10111 | D:9      | Reached XP level 10. HP: 50/50 MP: 22/27
 10439 | D:9      | Noticed Gastronok
 10443 | D:9      | Noticed Joseph
 10700 | D:9      | Noticed a hill giant
 10714 | D:9      | Killed a hill giant
 10877 | D:9      | Engulfed by a cloud of flame

Action                   |  1- 3 |  4- 6 |  7- 9 | 10-12 || total
-------------------------+-------+-------+-------+-------++-------
Melee: Dagger            |       |    15 |    52 |       ||    67
       Short sword       |       |     1 |       |       ||     1
       Rapier            |       |       |    34 |     1 ||    35
 Cast: Flame Tongue      |    60 |    50 |   193 |    13 ||   316
       Throw Flame       |    29 |    36 |   139 |    22 ||   226
       Sticky Flame      |       |       |    14 |     1 ||    15
       Fireball          |       |       |     9 |     2 ||    11
       Bolt of Magma     |       |       |       |     1 ||     1
  Use: Scroll            |     6 |     5 |     2 |       ||    13
       Potion            |       |       |     5 |       ||     5
 Stab: Sleeping          |       |     1 |       |       ||     1
  Eat: Chunk             |     4 |     1 |    13 |     2 ||    20
       Meat ration       |       |     1 |       |       ||     1
       Bread ration      |       |     1 |       |       ||     1
       Beef jerky        |       |       |     1 |       ||     1
       Royal jelly       |       |       |     1 |       ||     1
